AoeStats
← Křovák

Runestones

507307274Analyzed
1v1 RM · 15d ago on Sep 17, 2026· 54m 59s· 2 players
Game mode
Random Map
Map size
Tiny (2 player)
Population
200
Speed
Normal
Resources
Standard
Victory
Conquest
Starting age
Dark Age
Ending age
Imperial Age
RankedLock teamsTeams togetherTeam positionsShared explorationLock speedFull tech treeHidden civsTurbo modeCheats
Victory
Defeat
🇺🇸 Mongols · United States
852
+15
🇨🇿 Britons · Czechia
836
-15
Křovák
7:10 Loom
11:00 Feudal Age
12:34 Double-Bit Axe
13:55 Horse Collar
18:27 Castle Age
18:02 Fletching
25:09 Bodkin Arrow
25:59 Crossbowman
30:28 Padded Archer Armor
32:23 Ballistics
32:12 Gold Mining
35:46 Bow Saw
36:59 Heavy Plow
39:47 Imperial Age
40:30 Bracer
40:46 Leather Archer Armor
42:06 Arbalester
44:45 Town Watch
45:37 Wheelbarrow
46:19 Yeomen
47:11 Two-Man Saw
49:34 Chemistry
48:30 Murder Holes
50:53 Elite Skirmisher
onecctwo
10:37 Feudal Age
9:16 Loom
11:59 Double-Bit Axe
11:58 Horse Collar
18:56 Castle Age
17:50 Scale Barding Armor
18:12 Bloodlines
20:06 Husbandry
20:56 Husbandry
21:35 Chain Barding Armor
23:31 Forging
34:51 Iron Casting
35:09 Gold Mining
40:01 Stone Mining
43:29 Light Cavalry
47:21 Imperial Age
45:31 Wheelbarrow
49:08 Blast Furnace
47:40 Elite Steppe Lancer
50:16 Hand Cart
50:26 Bow Saw
50:08 Town Watch
49:49 Hussar
51:34 Conscription
52:03 Conscription
Connection lost

Rejoining the realm…

Still unreachable

The connection could not be restored.

Session expired

The server has moved on; the page needs a fresh start.